 Dungeon Crawl Stone Soup version 0.19-a0-673-gaa754e7 (webtiles) character file.

3178 AlphabetPasta the Grave Robber (level 9, -2/76 HPs)
             Began as a Troll Necromancer on June 16, 2016.
             Killed by divine providence
             ... invoked by an orc priest
              (11 damage)
             ... on level 7 of the Dungeon.
             The game lasted 00:33:50 (5325 turns).

AlphabetPasta the Grave Robber (Troll Necromancer)  Turns: 5325, Time: 00:33:50

Health: -2/76      AC: 13    Str: 18    XL:     9   Next: 63%
Magic:  3/16       EV: 16    Int: 19    God:
Gold:   360        SH:  0    Dex: 15    Spells: 5 memorised, 5 levels left

rFire  . . .     SeeInvis .       - Unarmed
rCold  + . .     Gourm    +     w - +2 robe {rC+}
rNeg   . . .     Faith    .     (no shield)
rPois  +         Spirit   .     (helmet restricted)
rElec  .         Dismiss  .     y - +0 cloak
rCorr  .         Reflect  .     (gloves unavailable)
SustAt .         Harm     .     (boots unavailable)
MR     .....                    (no amulet)
Stlth  +++.......               q - ring of poison resistance
                                d - +4 ring of protection

@: brilliant, agile, not resistant to hostile enchantments, fairly stealthy
A: unfitting armour, claws 3, rugged brown scales 1, fast metabolism 3,
gourmand, regeneration 2, shaggy fur 1, tough skin 2
a: no special abilities


You were on level 7 of the Dungeon.
You were completely stuffed.

You visited 1 branch of the dungeon, and saw 7 of its levels.

You collected 360 gold pieces.

Inventory:

Hand Weapons
 z - a -2 eveningstar
Armour
 a - a +0 robe
 w - a +2 robe of cold resistance (worn)
 y - a +0 cloak (worn)
Magical Staves
 k - a cursed staff of wizardry {unknown}
Jewellery
 d - a +4 ring of protection (left claw)
 f - an uncursed ring of ice
 q - a ring of poison resistance (right claw)
 A - an uncursed ring of sustain attributes
 D - a +2 ring of intelligence
Wands
 m - a wand of polymorph (7/24)
Scrolls
 e - a scroll of teleportation
 h - 3 scrolls of identify
 t - 3 scrolls of magic mapping
Potions
 j - a potion of brilliance
 l - a potion of agility
 n - 2 potions of mutation {unknown}
 o - a potion of degeneration {unknown}
 r - a potion of heal wounds {unknown}
 u - a potion of magic {unknown}
 v - a potion of cancellation {unknown}
 x - a potion of might {unknown}
 B - a potion of resistance {unknown}
 C - a potion of ambrosia {unknown}
 E - a potion of cure mutation {unknown}
Books
 b - a book of Necromancy

   Spells                             Type                      Level
   a - Pain                           Necromancy                   1
   b - Animate Skeleton               Necromancy                   1
   c - Vampiric Draining              Necromancy                   3
   d - Regeneration                   Charms/Necromancy            3
   e - Animate Dead                   Necromancy                   4
   f - Control Undead                 Necromancy                   4
Comestibles
 c - 8 bread rations
 g - 4 meat rations
 p - a royal jelly
 s - 4 fruits
 F - 2 chunks of flesh


   Skills:
 + Level 3.4 Dodging
 - Level 1.1 Stealth
 + Level 5.6 Unarmed Combat
 * Level 5.4 Spellcasting
 * Level 7.7 Necromancy


You had 5 spell levels left.
You knew the following spells:

 Your Spells              Type           Power        Failure   Level  Hunger
a - Pain                  Necr           ####         1%          1    None
b - Animate Skeleton      Necr           N/A          1%          1    None
c - Vampiric Draining     Necr           #####.....   1%          3    ##.....
d - Animate Dead          Necr           N/A          1%          4    ####...
e - Control Undead        Necr           #####.....   1%          4    ####...


Dungeon Overview and Level Annotations

Branches:
Dungeon (7/15)
 Temple: D:4-7

Altars:
Dithmenos
Elyvilon
Fedhas
Hepliaklqana
Okawaru
Qazlal
Trog
Uskayaw
Zin
The Shining One

Shops:
D:7 *


Innate Abilities, Weirdness & Mutations

You are too large for most types of armour.
You have claws for hands.
Your metabolism is lightning-fast.
You like to eat raw meat.
You heal very quickly.
You are covered in fur. (AC +1)
You have very tough skin. (AC +2)
You are partially covered in rugged brown scales. (AC +1, +3% HP)


Message History

The orc closely misses you.
Your orc skeleton hits the orc priest but does no damage.
Your orc skeleton misses the orc wizard.
The orc priest invokes the aid of Beogh against you.
Pain shoots through your body!
* * * LOW HITPOINT WARNING * * *
Items here: ) [[ †† a dagger; a ring mail; a leather armour; an orc corpse x2
The orc wizard gestures wildly while chanting.
The orc wizard seems to speed up.
The orc hits you but does no damage.
The orc priest hits your orc skeleton with a hand axe!
Your orc skeleton is destroyed!
The orc priest hits your orc skeleton with a hand axe.
Your orc skeleton hits the orc priest with a club.
It was a potion of agility.
You feel agile all of a sudden. The orc hits you but does no damage.
The orc priest mumbles some strange prayers to Beogh against you.
Beogh smites you!
You die...

##.# #....# #.# #.#
#....# #<† #.## #....#
#.# #######..###....# #.#
#.........##....#######.#
#.........###.........)Z.
#.........# #.#########.#
#.........###[# #.#
#.......@..##.# #.#
#..........##.# #.#
##########..#.# #.#
########o#(# #.#
.......oo(.# #.#
......o.o..#########.#
......o).............#
...b...Z..>...........
.....).........#######


You could see an orc priest and an orc wizard.

Vanquished Creatures
  Menkaure (D:4)
  2 water moccasins (D:7)
  Duvessa (D:4)
  2 orc warriors (D:7)
  A sky beast (D:5)
  A phantom (D:5)
  3 ogres
  2 centaurs
  A big kobold (D:7)
  4 giant frogs
  Dowan (D:4)
  6 scorpions
  A water moccasin skeleton (D:6)
  A howler monkey (D:7)
  3 orc priests
  Jessica (D:3)
  2 iguanas (D:4)
  6 worker ants
  11 orc wizards
  A killer bee zombie (D:5)
  2 hound zombies
  6 gnolls
  12 adders
  An ooze (D:3)
  A dart slug (D:1)
  2 giant geckos
  20 orcs
  2 ball pythons
  11 bats
  5 giant cockroaches
  5 hobgoblins
  7 jackals
  4 quokkas
  7 giant newts
  7 goblins
  6 kobolds
  A quokka skeleton (D:5)
  6 rats
  A butterfly (D:7)
  A fungus (D:4)
158 creatures vanquished.

Vanquished Creatures (collateral kills)
  Edmund (D:6)
  A phantom (D:7)
  An ogre (D:7)
  A giant frog (D:7)
  A centaur skeleton (D:7)
  A hound skeleton (D:5)
  A gnoll (D:5)
  A shadow imp (D:5)
  2 orcs
  A bat (D:4)
  2 butterflies (D:7)
  2 fungi (D:4)
15 creatures vanquished.

Grand Total: 173 creatures vanquished

Notes
Turn   | Place    | Note
--------------------------------------------------------------
     0 | D:1      | AlphabetPasta the Troll Necromancer began the quest for the Orb.
     0 | D:1      | Reached XP level 1. HP: 16/16 MP: 1/1
   198 | D:1      | Reached XP level 2. HP: 23/24 MP: 3/3
   201 | D:1      | Learned a level 1 spell: Animate Skeleton
   688 | D:2      | Found a glowing silver altar of Zin.
   688 | D:2      | Found a hide-covered altar of Uskayaw.
   688 | D:2      | Found a hazy altar of Hepliaklqana.
   700 | D:2      | Found an iron altar of Okawaru.
   700 | D:2      | Found a stormy altar of Qazlal.
   701 | D:2      | Found a glowing golden altar of the Shining One.
   800 | D:2      | Reached XP level 3. HP: 31/31 MP: 0/4
   879 | D:2      | Reached skill level 1 in Unarmed Combat
   925 | D:2      | Learned a level 3 spell: Vampiric Draining
  1335 | D:2      | Reached XP level 4. HP: 39/39 MP: 3/6
  1550 | D:3      | Reached skill level 4 in Necromancy
  1633 | D:3      | Found a shadowy altar of Dithmenos.
  1838 | D:3      | Noticed Jessica
  1848 | D:3      | Killed Jessica
  1848 | D:3      | Reached XP level 5. HP: 30/45 MP: 0/7
  2289 | D:4      | Learned a level 3 spell: Vampiric Draining
  2294 | D:4      | Learned a level 4 spell: Animate Dead
  2300 | D:4      | Gained mutation: You are partially covered in rugged brown scales. (AC +1, +3% HP) [potion of beneficial mutation]
  2424 | D:4      | Reached XP level 6. HP: 45/54 MP: 1/9
  2434 | D:4      | Found a blossoming altar of Fedhas.
  2588 | D:4      | Reached skill level 5 in Necromancy
  2657 | D:4      | Noticed Menkaure
  2679 | D:4      | Killed Menkaure
  2679 | D:4      | Reached XP level 7. HP: 9/60 MP: 7/10
  2976 | D:4      | Noticed Duvessa
  2977 | D:4      | Noticed Dowan
  2985 | D:4      | Killed Duvessa
  2999 | D:4      | Killed Dowan
  3167 | D:4      | Reached skill level 6 in Necromancy
  3167 | D:4      | Reached XP level 8. HP: 61/69 MP: 12/12
  3221 | D:5      | Entered Level 5 of the Dungeon
  3248 | D:5      | Learned a level 4 spell: Control Undead
  4028 | D:6      | Reached skill level 7 in Necromancy
  4095 | D:6      | Noticed Edmund
  4108 | D:6      | Killed Edmund
  4108 | D:6      | Reached XP level 9. HP: 70/76 MP: 12/15
  4717 | D:7      | Reached skill level 5 in Unarmed Combat
  4747 | D:7      | Reached skill level 5 in Spellcasting
  4863 | D:7      | Found a white marble altar of Elyvilon.
  4975 | D:7      | Found a bloodstained altar of Trog.
  4996 | D:7      | Found Pyzaynn's Serpentskin Sales.
  5325 | D:7      | Killed from afar by an orc priest

Vault maps used:
D:1:      tarquinn_simple_flora_water_b
D:2:      grunt_temple_overflow_open
D:3:      grunt_dithmenos_smoke_and_mirrors, uniq_jessica
D:4:      old_forge, fedhas_altar_2, uniq_duvessa, uniq_menkaure
D:5:      first_bread
D:6:      uniq_edmund
D:7:      overflow_temple_1_default, lemuel_crystal_altar,
          minmay_temple_entry_butterflies, guppyfry_shop_venom

Skill      XL: |  1  2  3  4  5  6  7  8  9 |
---------------+----------------------------+-----
Unarmed Combat | 1 2 3 4 5 |  5.6
Spellcasting   | 2 3 4 5 |  5.4
Necromancy     | 4 5 6 7 |  7.7
Dodging        | 2 3 |  3.4
Stealth        | |  1.1

Action                   |  1- 3 |  4- 6 |  7- 9 || total
-------------------------+-------+-------+-------++-------
Melee: Unarmed           |    53 |   103 |   319 ||   475
       Punch             |       |     1 |     6 ||     7
 Cast: Pain              |    46 |    67 |    90 ||   203
       Animate Skeleton  |       |     3 |     9 ||    12
       Vampiric Draining |       |     1 |     3 ||     4
       Animate Dead      |       |       |     6 ||     6
  Use: Scroll            |       |     5 |     6 ||    11
       Potion            |       |     2 |     5 ||     7
 Stab: Held in net/web   |       |       |     1 ||     1
  Eat: Chunk             |    19 |    14 |    26 ||    59
Armor: Robe              |    24 |    29 |   155 ||   208
Dodge: Dodged            |    23 |    42 |   142 ||   207
